 Dungeon Crawl Stone Soup version 0.18.1-48-g4cf74bf (webtiles) character file.

203 Gargoyl the Skirmisher (level 5, 41/43 HPs)
             Began as a Demonspawn Abyssal Knight on July 21, 2016.
             Was a Follower of Lugonu.
             Quit the game on level 2 of the Dungeon.
             The game lasted 00:02:39 (1437 turns).

Gargoyl the Skirmisher (Demonspawn Abyssal Knight)  Turns: 1437, Time: 00:02:40

Health: 41/43      AC:  8    Str: 13    XL:     5   Next: 51%
Magic:  6/7        EV:  9    Int: 14    God:    Lugonu [*.....]
Gold:   50         SH:  0    Dex: 12    Spells: 0 memorised, 4 levels left

rFire  + . .     SeeInvis .     a - +1 hand axe
rCold  . . .     Gourm    .     j - +0 scale mail
rNeg   . . .     Faith    .     (no shield)
rPois  .         Spirit   +     (helmet restricted)
rElec  .         Dismiss  .     (no cloak)
rCorr  .         Reflect  .     (no gloves)
SustAt .         Harm     .     d - +0 pair of boots
MR     .....                    (no amulet)
Stlth  ..........               (no ring)
                                (no ring)

@: not resistant to hostile enchantments, extremely unstealthy
A: horns 1, icy blue scales 1, fire resistance 1, magic shield
a: Depart the Abyss, Renounce Religion


You were on level 2 of the Dungeon.
You worshipped Lugonu.
Lugonu was aware of your devotion.
You were not hungry.

You visited 1 branch of the dungeon, and saw 2 of its levels.
You visited the Abyss 1 time.

You collected 50 gold pieces.

Inventory:

Hand Weapons
 a - a +1 hand axe (weapon)
Armour
 d - a +0 pair of boots (worn)
 j - a +0 scale mail (worn)
Scrolls
 b - a scroll of magic mapping {unknown}
 e - a scroll of enchant armour {unknown}
 h - 2 scrolls of amnesia {unknown}
 i - 3 scrolls of immolation {unknown}
 l - a scroll of identify {unknown}
 n - a scroll of fog {unknown}
Potions
 g - a potion of brilliance {unknown}
 k - a potion of agility {unknown}
 m - a potion of curing {unknown}
Comestibles
 c - a bread ration
 f - 3 meat rations


   Skills:
 + Level 4.3 Fighting
 + Level 2.6 Axes
 * Level 2.9 Armour
 + Level 2.0 Dodging
 + Level 0.6 Stealth
 + Level 3.1 Invocations


You had 4 spell levels left.
You didn't know any spells.

Dungeon Overview and Level Annotations

Branches:
Dungeon (2/15)

Altars:


Innate Abilities, Weirdness & Mutations

You have a pair of small horns on your head.
You are partially covered in icy blue scales (AC +1).
Your flesh is heat resistant.
When hurt, damage is shared between your health and your magic reserves.


Message History

A hobgoblin is nearby!
Found a club.
The hobgoblin hits you but does no damage.
The hobgoblin hits you but does no damage.
You barely miss the hobgoblin. Your headbutt misses the hobgoblin.
The hobgoblin hits you with a club.
You hit the hobgoblin.
The hobgoblin is heavily wounded.
The hobgoblin hits you but does no damage.
You hit the hobgoblin but do no damage. Your headbutt misses the hobgoblin.
The hobgoblin is heavily wounded.
The hobgoblin barely misses you.
You hit the hobgoblin but do no damage.
The hobgoblin is heavily wounded.
The hobgoblin closely misses you.
You hit the hobgoblin.
You kill the hobgoblin!
Lugonu accepts your kill.
You see here a club.
Are you sure you want to abandon this character and quit the game? (Confirm with "yes".)

#.# #.# #.# #.#
#.# #.# ####.
#.## #..). #..#
###..# ### ##.#
#@..# ..#
#.####)### ..#
#..##..# ..#
#.....## ..#
##.##.## .##
###..##.# ##
#....##.#.
#######.........
##...............


There were no monsters in sight!

Vanquished Creatures
  Sigmund (D:2)
  2 adders
  2 dart slugs (D:1)
  3 giant cockroaches (D:1)
  4 goblins (D:1)
  4 hobgoblins
  3 bats
  2 giant newts
  4 kobolds (D:1)
  3 rats
28 creatures vanquished.

Notes
Turn   | Place    | Note
--------------------------------------------------------------
     0 | Abyss:1  | Gargoyl the Demonspawn Abyssal Knight began the quest for the Orb.
     0 | Abyss:1  | Reached XP level 1. HP: 18/18 MP: 2/2
     2 | Abyss:1  | Found a corrupted altar of Lugonu.
    53 | Abyss:1  | Found a corrupted altar of Lugonu.
   119 | Abyss:1  | Noticed a flying skull
   123 | D:1      | Escaped the Abyss
   157 | D:1      | Reached skill level 1 in Dodging
   189 | D:1      | Reached * piety under Lugonu
   243 | D:1      | Gained mutation: Your flesh is heat resistant. [demonic ancestry]
   243 | D:1      | Reached XP level 2. HP: 21/24 MP: 4/4
   771 | D:2      | Noticed Sigmund
   780 | D:1      | Gained mutation: You have a pair of small horns on your head. [demonic ancestry]
   780 | D:1      | Reached XP level 3. HP: 15/29 MP: 5/5
  1301 | D:2      | Killed Sigmund
  1301 | D:2      | Reached skill level 4 in Fighting
  1301 | D:2      | Gained mutation: When hurt, damage is shared between your health and your magic reserves. [demonic ancestry]
  1301 | D:2      | Reached XP level 4. HP: 34/37 MP: 6/6
  1301 | D:2      | Gained mutation: You are partially covered in icy blue scales (AC +1). [demonic ancestry]
  1301 | D:2      | Reached XP level 5. HP: 38/42 MP: 7/7
  1437 | D:2      | Quit the game

Skill      XL: |  1  2  3  4  5 |
---------------+----------------+-----
Dodging        | 1 2 |  2.0
Armour         | 2 |  2.9
Axes           | 2 |  2.6
Fighting       | 4 |  4.3
Invocations    | 3 |  3.1
Stealth        | |  0.6

Action                   |  1- 3 |  4- 6 || total
-------------------------+-------+-------++-------
Melee: Hand axe          |    76 |    15 ||    91
       Headbutt          |     5 |     1 ||     6
Invok: Depart the Abyss  |     1 |       ||     1
  Eat: Chunk             |     1 |     1 ||     2
Armor: Leather armour    |    11 |       ||    11
       Scale mail        |    21 |    14 ||    35
Dodge: Dodged            |    46 |     7 ||    53
